 Dungeon Crawl Stone Soup version 0.30-a0-782-ge64f9170bb (webtiles) character file.

Game seed: 5810230330031180615

104325 tilp the Warrior (level 17, -2/158 HPs)
             Began as a Meteoran Fighter on Feb 18, 2023.
             Was an Elder of Okawaru.
             Slain by a naga mage
             ... wielding a +0 halberd
              (4 damage)
             ... on level 4 of the Snake Pit.
             The game lasted 01:00:08 (11159 turns).

tilp the Warrior (Meteoran Fighter)                Turns: 11159, Time: 01:00:09

Health: -2/158     AC: 39    Str: 22    XL:     17   Next: 47%
Magic:  37/37      EV: 12    Int: 12    God:    Okawaru [****..]
Gold:   371        SH:  8    Dex: 18    Spells: 16/16 levels left

rFire   . . .      SeeInvis .    a - +1 scimitar (freeze)
rCold   + . .      Faith    .    P - +2 buckler {rC+}
rNeg    . . .      Spirit   .    Q - +7 crystal plate armour "Figasch" {Rampage Regen+}
rPois   +          Reflect  .    X - +1 helmet "Zasaewn" {Str+2}
rElec   +          Harm     .    I - +2 cloak
rCorr   .          Rampage  +    k - +0 pair of gloves of Gehenna {rElec rPois Will- MP+9}
Will    ++...                    t - +2 pair of boots Stlth
                                 J - amulet of regeneration
HPRegen 2.06/turn                s - ring of willpower
MPRegen 0.25/turn                N - +5 ring of evasion

@: mighty, glowing, constricted
A: sense surroundings 2, otherworldly, glowing, explore regen
a: Renounce Religion, Heroism, Finesse


You were on level 4 of the Snake Pit.
You worshipped Okawaru.
Okawaru was greatly pleased with you.
You visited 5 branches of the dungeon, and saw 25 of its levels.
You also visited: Sewer and Ice Cave.

You collected 1316 gold pieces.
You spent 945 gold pieces at shops.

Inventory:

Hand Weapons
 a - a +1 scimitar of freezing (weapon)
 b - a +2 rapier of freezing
Missiles
 e - 6 silver javelins
 n - 2 curare-tipped darts
 y - a throwing net
 C - 19 poisoned darts (quivered)
 M - 11 atropa-tipped darts
 O - 3 boomerangs of dispersal
 T - 3 boomerangs
 U - 12 javelins
 V - 3 silver boomerangs
Armour
 c - a +0 hat of willpower
 g - a +0 plate armour
 k - the +0 pair of gloves of Gehenna (worn) {rElec rPois Will- MP+9}
   (You bought it in a shop on level 2 of the Orcish Mines)

   rElec:     It insulates you from electricity.
   rPois:     It protects you from poison.
   MP:        It affects your magic capacity (+9).
   Will:      It decreases your willpower.
 t - a +2 pair of boots (worn)
 I - a +2 cloak (worn)
 P - a +2 buckler of cold resistance (worn)
 Q - the +7 crystal plate armour "Figasch" (worn) {Rampage Regen+}
   (Okawaru gifted it to you in an ice cave)

   Regen:     It increases your rate of health regeneration.
   Rampage:   It bestows one free step when moving towards enemies.
 R - a +0 tower shield of cold resistance
 X - the +1 helmet "Zasaewn" (worn) {Str+2}
   (Okawaru gifted it to you on level 2 of the Lair of Beasts)

   Str:       It affects your strength (+2).
Jewellery
 m - a ring of protection from cold
 p - a ring of see invisible
 s - a ring of willpower (left hand)
 D - a ring of fire
 J - an amulet of regeneration (around neck)
 N - a +5 ring of evasion (right hand)
 Z - a ring of flight
Wands
 r - a wand of roots (6)
 w - a wand of quicksilver (9)
 H - a wand of flame (13)
Scrolls
 f - 5 scrolls of teleportation
 h - a scroll of torment
 l - 3 scrolls of vulnerability
 q - a scroll of enchant weapon
 z - 5 scrolls of identify
 A - 2 scrolls of magic mapping
 B - 2 scrolls of immolation
 K - a scroll of fog
 L - a scroll of brand weapon
 S - a scroll of silence
Potions
 d - 2 potions of might
 i - 8 potions of curing
 j - 2 potions of mutation
 o - 5 potions of haste
 u - 5 potions of lignification
 v - 3 potions of berserk rage
 x - a potion of cancellation
 E - 2 potions of flight
 F - a potion of resistance
 G - 4 potions of attraction
 W - a potion of heal wounds


   Skills:
 * Level 16.2 Fighting
 - Level 14.0 Long Blades
 + Level 7.8 Throwing
 + Level 11.2 Armour
 + Level 15.7 Dodging
 + Level 3.9 Stealth
 + Level 7.8 Shields
 * Level 14.1 Invocations
 + Level 7.8 Evocations


You had 16 spell levels left.
You didn't know any spells.
Your spell library was empty.

Dungeon Overview and Level Annotations

Branches:
Dungeon (13/15) Zot: 2374  Temple (1/1) D:5 Zot: 574    Lair (5/5) D:10 Zot: 1085
 Shoals (0/4) Lair:2        Snake (4/4) Lair:3 Zot: 482   Slime (0/5) Lair:5
    Orc (2/2) D:12 Zot: 749     Elf (0/3) Orc:2         Sewer (visited)
  IceCv (visited)
 Vaults: D:13-14

Altars:
Ashenzari
Cheibriados
Dithmenos
Elyvilon
Gozag
Hepliaklqana
Kikubaaqudgha
Makhleb
Nemelex Xobeh
Okawaru
Qazlal
Ru
Sif Muna
Trog
Uskayaw
Wu Jian
Xom
Yredelemnul
Zin

Shops:
D:3 (   D:6 [   D:8 *   D:10 *   Orc:2 [[(!   Snake:1 :((?   Snake:4 !

Annotations:
D:12 Nessos
Temple 2 transporters
Lair:5 exclusion: 2 oklob plants


Innate Abilities, Weirdness & Mutations

You passively map the area around you.
You are easily found by Zot.
You glow in the dark.
You regain HP and MP as you explore.


Message History

The poison arrow hits you but does no damage.
You are more poisoned.
You slash the naga warrior! You freeze the naga warrior.
The naga warrior is heavily wounded.
You feel very sick. The naga mage barely misses you.
The naga warrior hits you but does no damage.
The naga warrior constricts you.
The nagaraja hits you from afar with a +0 spear!
* * * LOW HITPOINT WARNING * * *
You feel much better.
You feel very sick. The nagaraja spits poison at you.
The splash of poison misses you. The naga mage spits poison at you.
The splash of poison misses you.
The splash of poison hits the naga warrior.
The naga warrior completely resists.
The naga warrior barely misses you. The naga warrior constricts you.
You feel better.
The nagaraja hits you but does no damage.
The naga mage closely misses you. You block the naga mage's attack.
The nagaraja hits you from afar with a +0 spear!!
* * * LOW HITPOINT WARNING * * *
The naga warrior spits poison at you. The splash of poison misses you.
The splash of poison hits the naga mage.
The naga warrior constricts you.
Okay, then.
You escape the naga warrior's grasp.
The naga mage attacks as you move away! The naga mage closely misses you.
You block the nagaraja's attack. The nagaraja grabs you.
The nagaraja constricts you. The naga mage barely misses you.
You feel very mighty all of a sudden. The nagaraja hits you with a +0 spear!!
* * * LOW HITPOINT WARNING * * *
The nagaraja constricts you. The naga mage closely misses you.
The naga warrior closely misses you.
The naga mage hits you from afar with a +0 halberd.
You die...

* * *
###.....###.....# #. ,
##.........##....## #.
, ##...........##....#
#. , *
#.....####....##...##
##
#...###..##..N.##...#
##.[.#.....##.N§.#...#
#.))##......##N.N#...#
#.).#....N..##...#...#
#...#...@)))##...#...#
#...#...N)N##....#...#
,
#...#...)###S...##..##
*
#...##...^.N....#)).#
*
##...##...S....##)..#
#....###....###...##
##...)†######.....# #
##...)..........## #.#
###..........### #.#


You could see a nagaraja (fast, strong), a naga warrior (catching breath) and a
naga mage (fast, strong).

Vanquished Creatures
  Rupert (Lair:4)
  Mlioglotl (Arena)
  Gastronok (Lair:2)
  7 nagarajas
  A fire dragon (Lair:5)
  A salamander tyrant (Snake:3)
  2 hydras (Lair:5)
  5 anacondas
  2 two-headed ogres
  6 naga warriors
  5 shock serpents
  13 naga sharpshooters
  Urug (Lair:2)
  5 orc high priests
  3 salamander mystics
  8 sea snakes
  A skyshark (Lair:4)
  4 naga ritualists
  A lindwurm (Lair:5)
  An orc knight (Orc:1)
  A deep elf pyromancer (D:12)
  3 ugly things
  7 mana vipers
  11 salamanders
  A merfolk siren (Lair:2)
  23 black mambas
  2 guardian serpents (Snake:4)
  16 elephants
  2 molten gargoyles (Lair:5)
  8 naga magi
  An ice statue (IceCv)
  A torpor snail (Lair:5)
  7 cane toads
  2 rime drakes
  11 komodo dragons
  7 ice devils
  A kobold demonologist (D:11)
  3 trolls
  A hornet (D:10)
  A merfolk (Lair:2)
  A polar bear (Lair:2)
  11 dream sheep (Lair:5)
  17 blink frogs
  7 wyverns
  44 yaks
  4 basilisks
  2 death yak simulacra (IceCv)
  4 steam dragons
  3 vampire mosquitoes (D:12)
  A harpy simulacrum (IceCv)
  10 wargs
  26 nagas
  8 water moccasins
  3 hell hounds (Lair:5)
  An acid dragon (D:10)
  10 orc warriors
  2 sky beasts (D:6)
  An ice beast (D:6)
  Pargi (Sewer)
  3 ogres
  3 black bears
  10 wolves
  9 centaurs
  2 kobold brigands
  A necrophage (D:6)
  5 two-headed ogre simulacra (IceCv)
  9 bullfrogs
  A cane toad simulacrum (IceCv)
  22 killer bees
  A howler monkey (D:6)
  3 electric eels
  5 lava snakes (Lair:5)
  4 jellies
  34 orc priests
  4 hounds
  A gnoll bouda (D:6)
  7 iguanas
  15 orc wizards
  7 hell rats (Lair:3)
  3 spriggan simulacra (IceCv)
  5 troll simulacra (IceCv)
  3 wolf simulacra (IceCv)
  4 adders
  A river rat (D:4)
  A shadow imp (D:6)
  12 white imps (D:13)
  3 ufetubi
  2 worms
  87 orcs
  5 endoplasms
  4 giant cockroaches
  2 hobgoblins
  3 jackals (D:2)
  8 kobolds
  4 quokkas
  2 ball pythons
  3 bats
  9 rats
641 creatures vanquished.

Vanquished Creatures (others)
  A killer bee (Lair:3)
  13 fungi
  16 plants
30 creatures vanquished.

Grand Total: 671 creatures vanquished

Notes
Turn   | Place    | Note
-------+----------+-------------------------------------------
     0 | D:1      | tilp the Meteoran Fighter began the quest for the Orb.
     0 | D:1      | Reached XP level 1. HP: 19/19 MP: 2/2
   102 | D:1      | Reached XP level 2. HP: 24/26 MP: 3/3
   207 | D:2      | Reached skill level 1 in Dodging
   207 | D:2      | Reached XP level 3. HP: 31/31 MP: 4/4
   559 | D:4      | Reached XP level 4. HP: 38/40 MP: 5/5
   583 | D:4      | Found a hide-covered altar of Uskayaw.
   627 | D:4      | Found a glowing drain.
   693 | Sewer    | Entered a sewer
   700 | Sewer    | Noticed Pargi
   713 | Sewer    | Killed Pargi
   714 | Sewer    | Reached skill level 4 in Fighting
   714 | Sewer    | Reached skill level 5 in Long Blades
   714 | Sewer    | Reached XP level 5. HP: 18/46 MP: 6/6
   714 | Sewer    | Reached XP level 6. HP: 21/52 MP: 7/7
   891 | D:5      | Entered Level 5 of the Dungeon
   942 | D:3      | Found Gixiaff's Weapon Shoppe.
  1030 | D:4      | Found a faded altar of an unknown god.
  1030 | D:4      | Found a faded altar of an unknown god.
  1030 | D:4      | Found a hazy altar of Hepliaklqana.
  1236 | D:4      | Reached XP level 7. HP: 47/59 MP: 8/8
  1311 | D:5      | Reached skill level 1 in Throwing
  1349 | D:5      | Found a staircase to the Ecumenical Temple.
  1403 | Temple   | Entered the Ecumenical Temple
  1403 | Temple   | Found a transporter.
  1403 | Temple   | Found a transporter.
  1405 | Temple   | Found a transporter.
  1405 | Temple   | Found a transporter.
  1417 | Temple   | Became a worshipper of Warmaster Okawaru
  1521 | D:6      | Reached skill level 5 in Fighting
  1561 | D:6      | Found Xomanudi's Armour Emporium.
  1598 | D:6      | Reached XP level 8. HP: 68/68 MP: 9/9
  1740 | D:5      | You fall into a shaft and drop 3 floors!
  1760 | D:8      | Reached * piety under Okawaru
  1767 | D:8      | Found Zin's Purification Station.
  1767 | D:8      | Noticed a two-headed ogre
  1801 | D:8      | Found a glowing silver altar of Zin.
  2013 | D:5      | Reached skill level 6 in Fighting
  2039 | D:6      | Found a shadowy altar of Dithmenos.
  2066 | D:6      | Gained mutation: You passively map the area around you.
                  | [Meteoran growth]
  2066 | D:6      | Reached XP level 9. HP: 61/78 MP: 10/10
  2080 | D:6      | Reached skill level 7 in Fighting
  2080 | D:6      | Reached skill level 5 in Dodging
  2138 | D:7      | Reached ** piety under Okawaru
  2321 | D:8      | Reached skill level 8 in Fighting
  2328 | D:8      | Reached skill level 10 in Long Blades
  2377 | D:8      | HP: 4/81 [poisoned by a killer bee]
  2378 | D:8      | Reached XP level 10. HP: 5/88 MP: 11/11
  2382 | D:8      | HP: 3/88 [poisoned by a killer bee]
  2590 | D:7      | Reached skill level 1 in Invocations
  2609 | D:7      | Reached skill level 1 in Evocations
  2731 | D:8      | Killed a two-headed ogre
  2731 | D:8      | Reached *** piety under Okawaru
  3019 | D:9      | Reached skill level 5 in Armour
  3031 | D:9      | Reached skill level 9 in Fighting
  3098 | D:10     | Entered Level 10 of the Dungeon
  3190 | D:10     | Reached **** piety under Okawaru
  3191 | D:10     | Reached skill level 5 in Invocations
  3279 | D:9      | Reached XP level 11. HP: 97/97 MP: 15/15
  3715 | D:10     | Found Pirixixu's Neck Hole.
  3745 | D:10     | Bought a +1 cloak for 138 gold pieces
  3905 | D:10     | Bought an amulet of regeneration for 360 gold pieces
  3953 | D:10     | Found a stormy altar of Qazlal.
  4007 | D:10     | Reached skill level 10 in Fighting
  4024 | D:10     | Found a staircase to the Lair.
  4213 | D:12     | Noticed a deep elf pyromancer
  4225 | D:11     | Identified the +1 scale mail "Zoniug" {rCorr Dex+3}
  4363 | D:12     | Noticed Nessos
  4781 | D:12     | Noticed a two-headed ogre
  4791 | D:12     | Killed a two-headed ogre
  4791 | D:12     | Received a gift from Okawaru
  4815 | D:12     | Killed a deep elf pyromancer
  4822 | D:12     | Noticed a purple ugly thing
  4840 | D:12     | Killed a purple ugly thing
  4875 | D:12     | Reached XP level 12. HP: 108/108 MP: 19/19
  5014 | D:13     | Found a frozen archway.
  5023 | IceCv    | Entered an ice cave
  5106 | IceCv    | Reached ***** piety under Okawaru
  5131 | IceCv    | Reached skill level 11 in Fighting
  5302 | IceCv    | Noticed a reaper
  5364 | IceCv    | Found the +3 giant club "Skullcrusher" {speed, Str+7}
  5388 | IceCv    | Identified the +7 crystal plate armour "Figasch" {Rampage
                  | Regen+} (Okawaru gifted it to you in an ice cave)
  5388 | IceCv    | Received a gift from Okawaru
  5856 | D:12     | Found a staircase to the Orcish Mines.
  5903 | D:12     | Reached skill level 12 in Fighting
  6063 | Orc:1    | Entered Level 1 of the Orcish Mines
  6065 | Orc:1    | Noticed an orc knight
  6094 | Orc:1    | Killed an orc knight
  6095 | Orc:1    | Reached skill level 10 in Dodging
  6204 | Orc:1    | Reached XP level 13. HP: 108/118 MP: 20/20
  6215 | Orc:2    | Entered Level 2 of the Orcish Mines
  6316 | Orc:2    | Reached skill level 1 in Stealth
  6338 | Orc:2    | Found Files's Antique Armour Shoppe.
  6364 | Orc:2    | Found Soddohir's Armour Shop.
  6428 | Orc:2    | Found Kuyziokk's Weapon Shop.
  6428 | Orc:2    | Found Xinieh's Distillery.
  6435 | Arena    | Entered the Arena
  6465 | Orc:2    | Received a gift from Okawaru
  6570 | Orc:2    | Bought a pair of steaming gloves for 171 gold pieces
  6570 | Orc:2    | Identified the +0 pair of gloves of Gehenna {rElec rPois
                  | Will- MP+9} (You bought it in a shop on level 2 of the
                  | Orcish Mines)
  6609 | Orc:2    | Bought a heavily runed helmet for 171 gold pieces
  6609 | Orc:2    | Identified the +1 helmet "Wimaku" {Rampage} (You bought it
                  | in a shop on level 2 of the Orcish Mines)
  6715 | Lair:1   | Entered Level 1 of the Lair of Beasts
  6825 | Lair:2   | Reached skill level 5 in Shields
  6914 | Lair:2   | Found a staircase to the Shoals.
  7001 | Lair:2   | Noticed Gastronok
  7018 | Lair:2   | Killed Gastronok
  7018 | Lair:2   | Identified the +1 helmet "Zasaewn" {Str+2} (Okawaru gifted
                  | it to you on level 2 of the Lair of Beasts)
  7018 | Lair:2   | Received a gift from Okawaru
  7045 | Lair:2   | Noticed Urug
  7057 | Lair:2   | Killed Urug
  7138 | Lair:2   | Reached skill level 10 in Invocations
  7168 | Lair:2   | Reached XP level 14. HP: 127/127 MP: 22/22
  7176 | Lair:2   | You fall into a shaft and drop 1 floor!
  7229 | Lair:3   | Reached skill level 13 in Fighting
  7247 | Lair:3   | Reached skill level 5 in Evocations
  7435 | Lair:3   | Reached skill level 5 in Throwing
  7675 | Lair:3   | Found a staircase to the Snake Pit.
  7855 | Lair:5   | Entered Level 5 of the Lair of Beasts
  7959 | Lair:5   | Received a gift from Okawaru
  8018 | Lair:4   | Noticed Rupert
  8036 | Lair:4   | Killed Rupert
  8079 | Lair:5   | Received a gift from Okawaru
  8197 | Lair:5   | Found a staircase to the Slime Pits.
  8224 | Lair:5   | Reached skill level 14 in Fighting
  8224 | Lair:5   | Reached XP level 15. HP: 138/138 MP: 22/25
  8372 | Lair:5   | Received a gift from Okawaru
  8521 | Lair:5   | Found a large runed translucent door.
  8522 | Lair:5   | Found a large runed translucent door.
  8888 | Snake:1  | Entered Level 1 of the Snake Pit
  8926 | Snake:1  | Reached skill level 15 in Fighting
  8948 | Arena    | Entered the Arena
  9029 | Snake:1  | Reached skill level 10 in Armour
  9083 | Snake:2  | Reached skill level 15 in Dodging
  9137 | Snake:2  | Received a gift from Okawaru
  9182 | Snake:2  | Identified the amulet of Wotong {Spirit Rampage rElec
                  | Str-2}
  9381 | Snake:2  | Reached XP level 16. HP: 147/149 MP: 26/26
  9392 | Snake:2  | Received a gift from Okawaru
  9447 | Snake:1  | Noticed Mlioglotl
  9454 | Snake:1  | Noticed a shadow dragon
  9455 | Snake:1  | Noticed a tentacled starspawn
  9469 | Arena    | Entered the Arena
  9488 | Arena    | Noticed a tentacled starspawn
  9492 | Arena    | Killed Mlioglotl
  9724 | Snake:1  | Found Nigideopa's Weapon Boutique.
  9724 | Snake:1  | Found Maanij's Book Emporium.
  9724 | Snake:1  | Found Reukol's Antique Weapon Shoppe.
  9752 | Snake:1  | Found Waapemno's Magic Scroll Emporium.
  9761 | Snake:1  | Bought a scroll of enchant weapon for 105 gold pieces
 10137 | Snake:3  | Identified the +4 long sword of Collusion {freeze, *Rage
                  | rPois rC+}
 10445 | Snake:4  | Entered Level 4 of the Snake Pit
 10508 | Snake:4  | Found Otedacid's Distillery.
 10589 | Snake:4  | Identified the +0 chain mail of Misanthropy {rC+}
 10762 | Snake:4  | Noticed a nagaraja
 10762 | Snake:4  | Noticed a nagaraja
 10783 | Snake:4  | Killed a nagaraja
 10789 | Snake:4  | Reached XP level 17. HP: 158/158 MP: 28/28
 10798 | Snake:4  | Killed a nagaraja
 10817 | Snake:4  | Received a gift from Okawaru
 10823 | Snake:4  | Noticed a nagaraja
 10832 | Snake:4  | Noticed a nagaraja
 10842 | Snake:4  | Killed a nagaraja
 10850 | Snake:4  | Killed a nagaraja
 10888 | Snake:4  | Noticed a nagaraja
 10904 | Snake:4  | Killed a nagaraja
 10905 | Snake:4  | Reached skill level 16 in Fighting
 10948 | Snake:4  | Received a gift from Okawaru
 10956 | Snake:4  | Noticed a nagaraja
 10963 | Snake:4  | Noticed a nagaraja
 10977 | Arena    | Entered the Arena
 10982 | Arena    | Killed a nagaraja
 11024 | Snake:4  | Killed a nagaraja
 11075 | Snake:4  | Noticed a nagaraja
 11159 | Snake:4  | HP: 2/158 [nagaraja/+0 spear (28)]
 11159 | Snake:4  | Slain by a naga mage

Illustrated notes

Levels and vault maps discovered:
D:1:      tarquinn_simple_flora_water_a, layout_rooms,
          shapermc_ecumenical_altar_rom_forum, hex_intersection
D:2:      layout_basic, nrook_mini_backslash
D:3:      layout_basic, fedhas_altar_4, serial_shops, shop
D:4:      layout_loops_corners, mainiacjoe_overflow_six_doors_small,
          nicolae_hepliaklqana_ecumenical_no_more, portal_sewer_entry_a,
          kennysheep_pointless_box, hangedman_abyss_or_decor_passed
D:5:      layout_rooms, minmay_temple_entry_grid, serial_shops,
          nicolae_take_the_stairs
D:6:      layout_loops_ring, serial_shops, nicolae_shop_waterfront,
          minmay_misc_feat_pillars, minmay_ruined_shrine
D:7:      layout_loops_corners
D:8:      layout_basic, zin_purify, minmay_crossroads
D:9:      layout_loops_cross
D:10:     layout_roguey [special_room_orc], grunt_qazlal_sundering,
          erik_lair_orcish_takeover, nicolae_shop_sticking_my_neck_out
D:11:     layout_long_grid, gauntlet_entry_generic
D:12:     layout_basic, orc_0_dummy, uniq_nessos
D:13:     layout_loops_corners, grunt_vaults_entry_fortified,
          portal_ice_cave_entry_imps
Temple:   hellmonk_temple_divided_pantheon
Lair:1:   layout_cave_pods
Lair:2:   layout_chaotic_city, elwin_shoals_entry_rooms, uniq_urug,
          uniq_gastronok
Lair:3:   regret_index_bee_streams, layout_loops_ring,
          guppyfry_snake_entry_garden, kennysheep_basilisk_garden
Lair:4:   layout_misc_corridors, nzn_sisyphean_effort, grunt_megastairs_3,
          infiniplex_staircase_pool, lemuel_fruit_tree, uniq_rupert
Lair:5:   cheibrodos_lair_end_hotspot, layout_regular_city,
          minmay_slime_entry_oklob_open
Snake:1:  layout_basic, basic_altar, serial_bayou_pond_e,
          nicolae_wooded_promenade, uniq_mlioglotl, uniq_aizul
Snake:2:  layout_layer_cave, grunt_megastairs_1
Snake:3:  layout_basic
Snake:4:  grunt_snake_rune_spirals, layout_onion_interference, serial_shops,
          nicolae_shop_hallway_stairs, special_room, serial_bayou_lagoon_a,
          serial_bayou_shore_a
Orc:1:    layout_caves, serial_shops, shop_coins, shop_fountains,
          nicolae_shop_temple_entry_statues_fountains, gammafunk_ghost_smash
Orc:2:    st_orc_town, layout_caves

Skill      XL: |  1  2  3  4  5  6  7  8  9 10 11 12 13 14 15 16 17 |
---------------+----------------------------------------------------+-----
Long Blades    | 3 5 6 7 8 10 11 12 14 | 14.0
Dodging        | 1 2 3 4 6 8 10 11 12 15 | 15.7
Fighting       | 4 5 6 8 9 10 12 14 15 16 | 16.2
Throwing       | 2 3 4 6 7 |  7.8
Shields        | 4 5 6 7 |  7.8
Armour         | 4 5 6 7 8 10 11 | 11.2
Invocations    | 5 8 10 12 13 14 | 14.1
Evocations     | 3 4 6 7 |  7.8
Stealth        | 2 3 |  3.9

Action                     |  1- 3 |  4- 6 |  7- 9 | 10-12 | 13-15 | 16-18 || total
---------------------------+-------+-------+-------+-------+-------+-------++-------
  Melee: Long sword        |    56 |   112 |   266 |   689 |       |       ||  1123
         Scimitar          |       |       |       |   160 |  1229 |   727 ||  2116
         Dagger            |       |       |       |       |    17 |       ||    17
  Throw: Dart              |       |       |       |     9 |     1 |     5 ||    15
 Invoke: Heroism           |       |       |     2 |    17 |    16 |    12 ||    47
         Duel              |       |       |       |       |     2 |     2 ||     4
         Finesse           |       |       |       |       |     3 |     3 ||     6
  Evoke: Wand              |       |       |       |     1 |     4 |     1 ||     6
    Use: Scroll            |     1 |     3 |     5 |    18 |     8 |     3 ||    38
         Potion            |       |     1 |     3 |     2 |     3 |     4 ||    13
 Armour: Plate armour      |    31 |   117 |   154 |   340 |       |       ||   642
         Scale mail        |     1 |       |       |       |       |       ||     1
         Crystal plate arm |       |       |       |    96 |   742 |   378 ||  1216
  Dodge: Dodged            |     8 |    30 |    64 |   260 |   568 |   315 ||  1245
  Block: Buckler           |    17 |    42 |    54 |   235 |   503 |   273 ||  1124

Table legend: (Time is in decaauts)
 A = Elapsed time spent in this place.
 B = Non-inter-level travel time spent in this place.
 C = Inter-level travel time spent in this place.
 D = Time resting spent in this place.
 E = Time spent auto-exploring this place.
 F = Levels seen in this place.
 G = Mean time per level.
                   A        B        C        D        E       F      G
               +--------+--------+--------+--------+--------+-----+--------+
         Total |  10428 |   8940 |   1488 |     41 |      0 |  31 |  336.4 |
       Dungeon |   5425 |   4397 |   1028 |      8 |      0 |  13 |  417.3 |
        Temple |     25 |     17 |      8 |      0 |      0 |   1 |   25.0 |
          Lair |   1914 |   1685 |    229 |      0 |      0 |   5 |  382.8 |
     Snake Pit |   1916 |   1763 |    153 |     16 |      0 |   4 |  479.0 |
  Orcish Mines |    450 |    382 |     68 |      0 |      0 |   2 |  225.0 |
         Sewer |    172 |    172 |      0 |      0 |      0 |   1 |  172.0 |
      Ice Cave |    445 |    445 |      0 |      0 |      0 |   1 |  445.0 |
         Arena |     78 |     78 |      0 |     17 |      0 |   4 |   19.5 |
               +--------+--------+--------+--------+--------+-----+--------+

Top non-repeatable levels by time:
  Lair:5: 782 daAuts
 Snake:2: 727 daAuts
    D:10: 711 daAuts
    D:12: 658 daAuts
    D:11: 631 daAuts
     D:8: 594 daAuts
 Snake:4: 561 daAuts
  Lair:2: 540 daAuts
     D:9: 531 daAuts
   IceCv: 445 daAuts
     D:4: 432 daAuts
     D:7: 407 daAuts
 Snake:3: 349 daAuts
   Orc:2: 340 daAuts
  Lair:3: 286 daAuts
